 Dungeon Crawl Stone Soup version 0.19-a0-1049-g462a813 (webtiles) character file.

521736 Leszczynek the Shatterer (level 25, -4/414 HPs)
             Began as an Ogre Berserker on July 31, 2016.
             Was the Champion of Trog.
             Slain by a slime creature (16 damage)
             ... on level 4 of the Pits of Slime.
             The game lasted 04:20:31 (38219 turns).

Leszczynek the Shatterer (Ogre Berserker)          Turns: 38219, Time: 04:20:31

Health: -4/414     AC:  9    Str: 42    XL:     25   Next: 31%
Magic:  30/32      EV: 21    Int: 11    God:    Trog [******]
Gold:   3909       SH:  3    Dex: 18    Spells: 0 memorised, 24 levels left

rFire  + . .     SeeInvis +     a - +9 giant club "Qinwis" {speed, rC+ Int+3 Dex+2}
rCold  + . .     Gourm    .     x - +0 troll leather armour "Ycanoups" {rF+ Regen+ Str+8 Int-3}
rNeg   + . .     Faith    .     (shield currently unavailable)
rPois  .         Spirit   .     (helmet restricted)
rElec  +         Dismiss  .     z - +2 cloak {MR+}
rCorr  +         Reflect  +     (gloves unavailable)
SustAt .         Harm     .     (boots unavailable)
MR     ++++.                    r - amulet of Futwy {Reflect *Contam rN+ Int+4 SH+3}
Stlth  ..........               B - ring "Xyxuig" {rElec MR+ Slay+3 SInv}
                                Q - ring of resist corrosion

@: berserking, very quick, incredibly resistant to hostile enchantments,
extremely unstealthy
A: unfitting armour, talons 1, tough skin 1
a: Berserk, Trog's Hand, Brothers in Arms, Burn Spellbooks, Renounce Religion
}: 3/15 runes: serpentine, barnacled, silver


You were on level 4 of the Pits of Slime.
You worshipped Trog.
Trog was exalted by your worship.
You were not hungry.

You visited 9 branches of the dungeon, and saw 44 of its levels.
You also visited: Labyrinth, Sewer and Volcano.

You collected 6928 gold pieces.
You spent 3019 gold pieces at shops.

Inventory:

Hand Weapons
 a - the +9 giant club "Qinwis" (weapon) {speed, rC+ Int+3 Dex+2}
   (Trog gifted it to you on level 1 of the Elven Halls)

   Attacks with this weapon are significantly faster.
   It affects your intelligence (+3).
   It affects your dexterity (+2).
   It protects you from cold.
 b - a +0 blowgun
 c - a +9 eveningstar of draining
Missiles
 h - 6 throwing nets
 A - 40 needles of confusion
 T - 7 javelins of penetration
 W - 83 large rocks (quivered)
Armour
 e - the +0 large shield of New Discoveries {+Blink rElec}
   (You took it off Louise on level 3 of the Elven Halls)

   It insulates you from electricity.
   It lets you blink.
 x - the +0 troll leather armour "Ycanoups" (worn) {rF+ Regen+ Str+8 Int-3}
   (You took it off a deep elf demonologist on level 3 of the Elven Halls)

   It affects your strength (+8).
   It affects your intelligence (-3).
   It protects you from fire.
   It increases your rate of regeneration.
 z - a +2 cloak of magic resistance (worn)
Rods
 m - a +2 lightning rod (12/12)
   (You took it off a fire giant on level 5 of the Vaults)
 v - a +1 rod of shadows (10/10)
   (You found it on level 3 of the Elven Halls)
Jewellery
 g - the ring of Bavi {rElec rPois MR+}
   (You bought it in a shop on level 4 of the Snake Pit)

   [ring of poison resistance]

   It insulates you from electricity.
   It protects you from poison.
   It affects your resistance to hostile enchantments.
 o - an uncursed ring of positive energy
 r - the amulet of Futwy (around neck) {Reflect *Contam rN+ Int+4 SH+3}
   (You acquired it on level 5 of the Dungeon)

   [amulet of reflection]

   It shields you and reflects attacks.
   It affects your intelligence (+4).
   It protects you from negative energy.
   It causes magical contamination when unequipped.
   It affects your SH (+3).
 u - an uncursed ring of protection from fire
 B - the ring "Xyxuig" (right hand) {rElec MR+ Slay+3 SInv}
   (You found it on level 1 of the Snake Pit)

   [ring of see invisible]

   It affects your accuracy and damage with ranged weapons and melee attacks
   (+3).
   It insulates you from electricity.
   It affects your resistance to hostile enchantments.
   It lets you see invisible.
 Q - a ring of resist corrosion (left hand)
Wands
 k - a wand of digging (7/24)
 t - a wand of disintegration (14/24)
 y - a wand of heal wounds (7/9)
 I - a wand of teleportation (9/9)
 K - a wand of paralysis (8/24)
 M - a wand of acid (7/15)
 S - a wand of confusion (7/48)
 Y - a wand of iceblast (12/15)
Scrolls
 f - a scroll of enchant armour
 i - 13 scrolls of fog
 j - 16 scrolls of remove curse
 l - 6 scrolls of recharging
 n - 6 scrolls of blinking
 C - 2 scrolls of teleportation
 P - 5 scrolls of fear
 R - 6 scrolls of identify
 Z - 2 scrolls of summoning
Potions
 d - 7 potions of invisibility
 s - 3 potions of haste
 D - 4 potions of ambrosia
 E - 2 potions of cancellation
 F - 3 potions of flight
 G - 8 potions of might
 J - 11 potions of curing
 U - a potion of heal wounds
 V - 3 potions of cure mutation
Miscellaneous
 q - 5 boxes of beasts
 w - 2 phantom mirrors
 L - 5 sacks of spiders
 N - a phial of floods
Comestibles
 p - 22 meat rations
 H - 23 fruits
 X - 13 bread rations


   Skills:
 + Level 20.9 Fighting
 + Level 22.7 Maces & Flails
 + Level 19.9 Throwing
 - Level 6.0 Armour
 * Level 14.7 Dodging
 - Level 4.8 Stealth
 - Level 15.1 Shields
 + Level 13.2 Evocations


You had 24 spell levels left.
You didn't know any spells.

Dungeon Overview and Level Annotations

Branches:
Dungeon (15/15)            Temple (0/1) D:5            Lair (6/6) D:8
 Shoals (4/4) Lair:2        Snake (4/4) Lair:2        Slime (4/5) Lair:5
    Orc (2/2) D:11            Elf (3/3) Orc:2        Vaults (5/5) D:14
  Crypt (0/3) Vaults:3     Depths (1/5) D:15

Altars:
Dithmenos
Elyvilon
Fedhas
Gozag
Hepliaklqana
Kikubaaqudgha
Makhleb
Nemelex Xobeh
Okawaru
Pakellas
Ru
Xom
Yredelemnul
Beogh

Shops:
D:5 *   D:10 }[?(   Orc:2 ?(?   Shoals:2 ?[!(:   Snake:4 ==}   Vaults:1 :
Vaults:2 (   Vaults:5 [

Annotations:
D:2 exclusion: adder
D:5 1 runed door
Lair:5 exclusions: entropy weaver and 1 more exclusion
Shoals:2 Kirke
Depths:1 ice dragon and fire giant, possible open layout


Innate Abilities, Weirdness & Mutations

You are too large for most types of armour.
You have tough skin. (AC +1)
You have sharp toenails.


Message History

You bludgeon the slime creature!! Your kick misses the slime creature.
The slime creature is heavily wounded.
Unknown command.
You pound the slime creature like an anvil!!!!
You kill the slime creature!
Trog accepts your kill. The slime creature misses you.
The slime creature hits you!
* * * LOW HITPOINT WARNING * * *
Unknown command.
You sock the slime creature! You claw the slime creature!
The slime creature is moderately wounded.
The slime creature completely misses you.
Unknown command.
You sock the slime creature! Your kick misses the slime creature.
The slime creature is heavily wounded.
You pound the slime creature like an anvil!!!!
You kill the slime creature!
Trog accepts your kill. The slime creature hits you!
You die...

..... .....# #..
......# ##...
.......# ##.....
........#.......
#....#........
.##..<.......#
..G...J@....#
......J.<..##
..#.........#
........##(##
#.#...### ##
##.... #...#
...# #.#


You could see 2 slime creatures and an eye of draining.

Vanquished Creatures
  An ancient lich (Vaults:5)
  Frederick (Vaults:3)
  Bai Suzhen (Vaults:5)
  A golden dragon (Vaults:4)
  3 liches
  4 tentacled monstrosities (Vaults:5)
  2 deep elf blademasters (Elf:3)
  2 titans (Vaults:5)
  2 acid blobs
  2 deep elf master archers (Elf:3)
  Polyphemus (Shoals:2)
  3 sphinxes
  A shadow dragon (Vaults:5)
  5 storm dragons
  3 tengu reavers
  Ilsuiw (Shoals:4)
  Donald (Vaults:2)
  2 azure jellies
  6 fire giants (Vaults:5)
  10 deep elf sorcerers
  5 greater nagas
  An orc warlord (Orc:2)
  The ghost of 4thArraOfDagon the Brawler, a journeyman TrAK of Lugonu (Elf:2)
  17 vault wardens
  A frost giant (Vaults:5)
  Louise (Elf:3)
  7 deep elf elementalists
  2 iron dragons
  A ghoul (Vaults:2)
  A war gargoyle (Vaults:5)
  21 ironheart preservers
  3 very ugly things
  An entropy weaver (Vaults:2)
  7 stone giants
  Nessos (D:13)
  8 deep elf annihilators
  9 deep elf demonologists
  A spark wasp (shapeshifter) (Elf:3)
  2 merfolk javelineers (Shoals:4)
  4 deep elf death magi
  10 ettins
  A minotaur (Lab)
  A minotaur (shapeshifter) (Vaults:5)
  3 fire dragons
  9 yaktaur captains
  4 great orbs of eyes
  6 merfolk impalers
  15 ogre magi
  8 hydras
  Erolcha (D:9)
  42 vault guards
  18 naga warriors
  2 rakshasas
  A small abomination (Vaults:5)
  6 deep elf high priests
  2 ice dragons
  2 catoblepae
  13 centaur warriors
  3 death knights
  4 merfolk aquamancers
  11 anacondas
  An alligator snapping turtle (Shoals:2)
  A deep troll shaman (Lair:6)
  9 dancing weapons
  A tengu warrior (D:13)
  2 satyrs
  18 death yaks
  12 naga sharpshooters
  5 deep troll earth magi
  An orc high priest (Orc:2)
  2 shock serpents
  26 deep elf knights
  A shock serpent (shapeshifter) (Elf:3)
  Nergalle (D:10)
  A shadow wraith (Vaults:1)
  A fire crab (Lair:4)
  3 salamander mystics
  8 deep trolls
  2 unseen horrors (Vaults:1)
  8 hell knights (Vaults:5)
  18 sea snakes
  7 naga ritualists
  2 giant orange brains
  22 deep elf archers
  2 deep trolls (shapeshifter)
  2 wizards
  A lindwurm (Lair:6)
  A harpy (shapeshifter) (Vaults:5)
  A tengu zombie (Vaults:4)
  14 orc knights
  A phantasmal warrior (Vaults:5)
  15 ironbrand convokers
  5 hill giants
  63 deep elf magi
  2 wolf spider zombies (D:15)
  The ghost of Sarzael the Agent of Entropy, a novice DsAK of Lugonu (D:6)
  3 oklob plants (Lair:5)
  10 griffons
  21 ugly things
  12 harpies
  7 necromancers
  2 human zombies
  A wolf spider (shapeshifter) (Vaults:1)
  3 shining eyes
  8 cyclopes
  5 orc sorcerers
  3 wolf spiders
  A hornet (shapeshifter) (Vaults:5)
  9 manticores
  A shining eye (shapeshifter) (Vaults:5)
  13 salamanders
  18 fauns
  6 mana vipers
  An elephant (shapeshifter) (Elf:3)
  An octopode (shapeshifter) (Vaults:2)
  4 hornets
  5 elephants (Lair:6)
  27 naga magi
  3 guardian serpents
  2 frost giant skeletons (Vaults:5)
  Maurice (Orc:2)
  20 vault sentinels
  6 water nymphs
  A stone giant skeleton (Vaults:4)
  A molten gargoyle (Volcano)
  8 sirens
  38 black mambas
  7 spiny frogs
  2 gargoyles
  A storm dragon simulacrum (Vaults:3)
  A kobold demonologist (D:13)
  3 rime drakes
  An efreet (D:15)
  5 komodo dragons
  7 freezing wraiths
  A tengu conjurer (D:13)
  40 yaktaurs
  4 polar bears
  The ghost of mrath the Digger, a novice GrEE (D:4)
  9 trolls
  A harpy zombie (D:14)
  A merfolk (shapeshifter) (Vaults:5)
  A wind drake (shapeshifter) (Vaults:1)
  20 merfolk
  4 meliai
  A meliai (shapeshifter) (Vaults:1)
  22 two-headed ogres
  A queen bee (D:8)
  3 wind drakes
  29 blink frogs
  3 boulder beetles
  62 slime creatures
  Grinder (D:4)
  11 snapping turtles
  An air elemental (Elf:3)
  Sigmund (D:5)
  3 shadows (D:15)
  A centaur simulacrum (D:14)
  12 water elementals
  3 redbacks
  A spriggan (shapeshifter) (D:14)
  A tarantella (shapeshifter) (Vaults:5)
  7 wraiths
  2 wyverns
  7 fire elementals
  6 hungry ghosts
  52 yaks
  A hog (Shoals:2)
  A basilisk (shapeshifter) (Elf:1)
  2 hippogriffs (shapeshifter) (Vaults:1)
  A vampire mosquito (D:15)
  5 basilisks
  A steam dragon (D:15)
  4 human simulacra
  Edmund (D:5)
  Menkaure (D:5)
  10 hippogriffs
  5 mottled dragons
  A deep troll zombie (Vaults:5)
  A soldier ant (D:15)
  45 nagas
  11 wargs
  9 water moccasins
  A giant eyeball (shapeshifter) (Vaults:5)
  7 porcupines
  34 orc warriors
  3 sky beasts
  A black bear (shapeshifter) (D:15)
  5 black bears
  A necrophage (D:10)
  8 ice beasts
  A wasp (D:15)
  2 eyes of draining
  An ettin simulacrum (Vaults:4)
  52 ogres
  4 boggarts (Vaults:2)
  14 centaurs
  35 wolves
  The ghost of junb69 the Twirler, an amateur DsGl (D:3)
  12 crocodiles
  A big kobold (D:14)
  18 giant frogs
  2 earth elementals
  A gnoll sergeant (D:13)
  An ogre simulacrum (Vaults:1)
  A human skeleton (Vaults:4)
  2 scorpions
  14 killer bees
  A troll skeleton (Lab)
  An elf simulacrum (Vaults:2)
  3 vampire bats (Lair:3)
  19 wights
  3 electric eels (Snake:1)
  9 crimson imps
  3 centaur zombies
  A quasit (D:7)
  A wyvern simulacrum (D:15)
  18 orc priests
  4 hounds
  41 orc wizards
  A giant frog zombie (D:7)
  10 centaur skeletons
  3 jellies
  3 giant frog skeletons
  8 iguanas
  11 worker ants
  20 sheep
  5 hound skeletons
  10 gnolls
  11 adders
  54 river rats
  3 shadow imps
  An ooze (D:1)
  4 adder skeletons
  A worm (D:3)
  A dart slug (D:1)
  4 giant geckos
  104 orcs
  3 ball pythons
  12 bats
  3 giant cockroaches
  4 goblins (D:2)
  5 hobgoblins
  15 jackals
  5 quokkas
  12 giant newts
  11 kobolds
  8 rats
  2 crawling corpses (Elf:3)
  4 plants (Sewer)
1911 creatures vanquished.

Vanquished Creatures (collateral kills)
  A tengu reaver (D:15)
  A shadow dragon (Vaults:5)
  An orc warlord (Orc:2)
  A very ugly thing (Vaults:5)
  A stone giant (Vaults:5)
  A merfolk javelineer (Shoals:4)
  A merfolk impaler (Shoals:4)
  A merfolk avatar (Shoals:4)
  An anaconda (Snake:3)
  A merfolk aquamancer (Shoals:4)
  An orc high priest (Orc:2)
  A naga sharpshooter (Snake:3)
  A deep troll (Vaults:5)
  A harpy (Shoals:4)
  A griffon (Shoals:4)
  A cyclops (D:15)
  A manticore (D:15)
  A naga mage (Snake:3)
  A black mamba (Snake:3)
  A water nymph (Shoals:4)
  A two-headed ogre (D:15)
  2 nagas (Snake:3)
  2 wargs (Orc:2)
  5 orc warriors (Orc:2)
  2 ogres (Orc:2)
  4 orc priests (Orc:2)
  4 orc wizards (Orc:2)
  5 orcs (Orc:2)
45 creatures vanquished.

Vanquished Creatures (others)
  A tengu reaver (Vaults:5)
  A fire giant (Vaults:5)
  A shadow dragon (Vaults:5)
  A deep elf elementalist (Elf:3)
  A stone giant (Vaults:3)
  A yaktaur captain (Vaults:5)
  A satyr (Shoals:3)
  4 deep elf archers
  A human zombie (Vaults:5)
  3 yaktaurs
  An ogre (Vaults:1)
  2 centaurs (Vaults:1)
  A giant frog (D:15)
  A yaktaur simulacrum (Vaults:1)
  An orc wizard (Orc:2)
  5 sheep (Lair:6)
  3 orcs (Vaults:5)
  3 bushes
  7 fungi
  16 plants
55 creatures vanquished.

Grand Total: 2011 creatures vanquished

Notes
Turn   | Place    | Note
-------+----------+-------------------------------------------
     0 | D:1      | Leszczynek the Ogre Berserker began the quest for the Orb.
     0 | D:1      | Reached XP level 1. HP: 24/24 MP: 1/1
     0 | D:1      | i really can't speedrun, i have no patience
   177 | D:1      | Reached skill level 1 in Stealth
   368 | D:1      | Reached XP level 2. HP: 27/32 MP: 2/2
   627 | D:2      | Reached skill level 2 in Stealth
   650 | D:2      | Found a sacrificial altar of Ru.
   658 | D:2      | Reached skill level 5 in Maces & Flails
   658 | D:2      | Reached XP level 3. HP: 35/39 MP: 3/3
   774 | D:2      | Reached XP level 4. HP: 16/48 MP: 4/4
  1185 | D:2      | Found a white marble altar of Elyvilon.
  1266 | D:3      | Reached skill level 6 in Maces & Flails
  1490 | D:3      | Reached ** piety under Trog
  1490 | D:3      | Reached XP level 5. HP: 43/54 MP: 5/5
  1593 | D:3      | Reached skill level 7 in Maces & Flails
  1638 | D:3      | Noticed junb69's ghost (amateur DsGl)
  1761 | D:4      | Noticed mrath's ghost (novice GrEE)
  1800 | D:4      | Killed mrath's ghost
  1800 | D:4      | Reached skill level 9 in Maces & Flails
  1800 | D:4      | Reached XP level 6. HP: 62/62 MP: 6/6
  1845 | D:3      | Killed junb69's ghost
  1845 | D:3      | Reached XP level 7. HP: 70/70 MP: 7/7
  1959 | D:3      | Found a blossoming altar of Fedhas.
  1959 | D:3      | Found an iron altar of Okawaru.
  2049 | D:4      | Reached skill level 10 in Maces & Flails
  2087 | D:4      | Found a shadowy altar of Dithmenos.
  2222 | D:4      | Found a basalt altar of Yredelemnul.
  2257 | D:4      | Noticed Grinder
  2270 | D:4      | Killed Grinder
  2270 | D:4      | Reached skill level 11 in Maces & Flails
  2369 | D:4      | Reached XP level 8. HP: 78/78 MP: 8/8
  2465 | D:4      | Reached skill level 3 in Dodging
  2728 | D:5      | Entered Level 5 of the Dungeon
  2830 | D:5      | Found a staircase to the Ecumenical Temple.
  2840 | D:5      | Noticed Edmund
  2863 | D:5      | Killed Edmund
  2983 | D:5      | Reached skill level 12 in Maces & Flails
  3010 | D:5      | Found a glowing drain.
  3022 | Sewer    | Entered a sewer
  3423 | Sewer    | Reached skill level 5 in Fighting
  3451 | Sewer    | Reached *** piety under Trog
  3596 | D:5      | Found Kiuf's Assorted Antiques.
  3621 | D:5      | Noticed Sigmund
  3639 | D:5      | Killed Sigmund
  3639 | D:5      | Reached skill level 4 in Dodging
  3654 | D:5      | Bought a tubular peridot ring for 150 gold pieces
  3654 | D:5      | Bought 3 scrolls labeled ILUUTAF VIVVA for 90 gold pieces
  3664 | D:5      | Got a scintillating golden amulet
  3665 | D:5      | Identified the amulet of Futwy {Reflect *Contam rN+ Int+4 SH+3} (You acquired it on level 5 of the Dungeon)
  3677 | D:5      | Found a runed door.
  3682 | D:5      | Found a basalt altar of Yredelemnul.
  3722 | D:5      | Noticed Menkaure
  3728 | D:5      | Killed Menkaure
  3738 | D:5      | Found an oddly glowing altar of Pakellas.
  3830 | D:6      | Reached XP level 9. HP: 85/89 MP: 9/9
  3850 | D:6      | Found an opulent altar of Gozag.
  4034 | D:6      | Reached skill level 6 in Fighting
  4081 | D:6      | Reached skill level 13 in Maces & Flails
  4297 | D:6      | Noticed Sarzael's ghost (novice DsAK)
  4312 | D:6      | Killed Sarzael's ghost
  4312 | D:6      | Reached skill level 5 in Dodging
  4354 | D:6      | Reached skill level 7 in Fighting
  4818 | D:7      | Noticed a troll
  4824 | D:7      | Reached skill level 1 in Throwing
  4891 | D:7      | Killed a troll
  4891 | D:7      | Reached skill level 2 in Throwing
  5087 | D:7      | Reached skill level 3 in Throwing
  5096 | D:7      | Reached skill level 14 in Maces & Flails
  5121 | D:7      | Reached XP level 10. HP: 87/104 MP: 10/10
  5177 | D:7      | Reached skill level 8 in Fighting
  5305 | D:7      | Reached skill level 4 in Throwing
  5717 | D:8      | Reached skill level 5 in Throwing
  5980 | D:8      | Reached skill level 9 in Fighting
  5987 | D:8      | Reached skill level 6 in Throwing
  5993 | D:8      | Reached **** piety under Trog
  6006 | D:8      | Reached skill level 7 in Throwing
  6089 | D:8      | Found a staircase to the Lair.
  6205 | D:8      | Reached XP level 11. HP: 117/117 MP: 11/11
  6218 | D:8      | Reached skill level 15 in Maces & Flails
  6405 | D:8      | Reached skill level 10 in Fighting
  6592 | D:9      | You fall through a shaft!
  6592 | D:10     | Entered Level 10 of the Dungeon
  6607 | D:10     | Got a brightly glowing flail
  6608 | D:10     | Identified the +8 flail of Tenacity {drain, rElec rPois Int-5 Stlth+} (You found it on level 10 of the Dungeon)
  6638 | D:10     | Found Ubli's Magic Scroll Emporium.
  6645 | D:10     | Bought a scroll of teleportation for 36 gold pieces
  6645 | D:10     | Bought a scroll of identify for 24 gold pieces
  6645 | D:10     | Bought a scroll of identify for 24 gold pieces
  6645 | D:10     | Bought a scroll of identify for 24 gold pieces
  6658 | D:10     | Noticed Nergalle
  6669 | D:10     | Killed Nergalle
  6734 | D:10     | Found Jinol's Antique Armour Boutique.
  6757 | D:10     | Bought a creamy pearl robe for 119 gold pieces
  6767 | D:10     | Identified the +1 robe of Ennui {Dex+3} (You bought it in a shop on level 10 of the Dungeon)
  7052 | D:9      | Found a sparkling altar of Nemelex Xobeh.
  7414 | D:9      | Found a hazy altar of Hepliaklqana.
  7447 | D:9      | Noticed Erolcha
  7454 | D:9      | Killed Erolcha
  7607 | D:10     | Reached ***** piety under Trog
  7692 | D:10     | Found Syipeci's Gadget Shop.
  7732 | D:10     | Found Ikkicezo's Antique Weapon Shop.
  7915 | D:10     | Reached skill level 16 in Maces & Flails
  7915 | D:10     | Reached skill level 8 in Throwing
  8018 | D:11     | Noticed a green ugly thing
  8032 | D:11     | Killed a green ugly thing
  8032 | D:11     | Reached skill level 11 in Fighting
  8371 | D:11     | Found a staircase to the Orcish Mines.
  8729 | D:11     | Reached skill level 6 in Dodging
  8891 | D:12     | Reached XP level 12. HP: 127/129 MP: 12/12
  8957 | D:11     | Reached skill level 17 in Maces & Flails
  9535 | D:12     | Reached skill level 12 in Fighting
  9576 | D:13     | Got a brightly glowing cloak
  9587 | D:13     | Identified the cursed +0 cloak "Hirupt" {rC- Str+5} (You found it on level 13 of the Dungeon)
  9756 | Orc:1    | Entered Level 1 of the Orcish Mines
  9781 | Orc:1    | Found a roughly hewn altar of Beogh.
  9793 | Orc:1    | Received a gift from Trog
  9873 | Orc:2    | Entered Level 2 of the Orcish Mines
  9873 | Orc:2    | Found a staircase to the Elven Halls.
 10285 | Orc:2    | hmmm, which one is it?
 10285 | Orc:2    | i don't remember it really
 10312 | Orc:2    | Noticed an orc high priest
 10318 | Orc:2    | Noticed a sun demon
 10321 | Orc:2    | Killed an orc high priest
 10321 | Orc:2    | Reached skill level 7 in Dodging
 10398 | Orc:2    | Noticed Maurice
 10410 | Orc:2    | Killed Maurice
 10410 | Orc:2    | Reached skill level 18 in Maces & Flails
 10509 | Orc:2    | Noticed an orc warlord
 10519 | Orc:2    | Killed an orc warlord
 10526 | Orc:2    | Received a gift from Trog
 10873 | Orc:2    | Received a gift from Trog
 10889 | Orc:2    | Noticed an orc high priest
 10897 | Orc:2    | Killed an orc high priest
 10897 | Orc:2    | Reached XP level 13. HP: 43/140 MP: 13/13
 10955 | Orc:2    | Reached skill level 13 in Fighting
 11063 | Orc:2    | Noticed an orc warlord
 11075 | Orc:2    | Killed an orc warlord
 11075 | Orc:2    | Reached skill level 8 in Dodging
 11099 | Orc:2    | Reached skill level 19 in Maces & Flails
 11134 | Orc:2    | Found Qeomp's Antique Weapon Shoppe.
 11134 | Orc:2    | Found Uroobanit's General Store.
 11134 | Orc:2    | Found Qotrak's Magic Scroll Emporium.
 11140 | Orc:2    | Found Afrodyel's Magic Scroll Shoppe.
 11212 | Orc:2    | Bought a scroll of identify for 24 gold pieces
 11212 | Orc:2    | Bought a scroll of fog for 24 gold pieces
 11212 | Orc:2    | Bought a scroll of teleportation for 36 gold pieces
 11212 | Orc:2    | Bought a scroll of teleportation for 36 gold pieces
 11212 | Orc:2    | Bought a scroll of fog for 24 gold pieces
 11213 | Orc:2    | Bought a scroll of teleportation for 45 gold pieces
 11213 | Orc:2    | Bought a scroll of enchant armour for 112 gold pieces
 11231 | Orc:2    | Bought a scroll of identify for 30 gold pieces
 11231 | Orc:2    | Bought a scroll of enchant weapon for 112 gold pieces
 11232 | Orc:2    | Bought a scroll of enchant weapon for 90 gold pieces
 11233 | Orc:2    | Bought 2 scrolls of magic mapping for 105 gold pieces
 11233 | Orc:2    | Bought a scroll of recharging for 142 gold pieces
 11428 | D:8      | Received a gift from Trog
 11466 | Lair:1   | Entered Level 1 of the Lair of Beasts
 11558 | Lair:1   | Found a dark tunnel.
 11563 | Volcano  | Entered a volcano
 11572 | Volcano  | Reached skill level 1 in Evocations
 11742 | Volcano  | itsshit.jpg
 11771 | Lair:1   | Reached skill level 2 in Evocations
 11831 | Lair:1   | Reached skill level 1 in Armour
 12055 | Lair:1   | Reached skill level 3 in Evocations
 12100 | Lair:1   | Reached skill level 2 in Armour
 12320 | Lair:2   | Found a staircase to the Snake Pit.
 12436 | Lair:2   | Found a staircase to the Shoals.
 12644 | Lair:2   | Reached skill level 4 in Evocations
 12660 | Lair:2   | Received a gift from Trog
 12721 | Lair:2   | Reached skill level 3 in Armour
 12846 | Lair:2   | Reached skill level 14 in Fighting
 12870 | Lair:3   | Received a gift from Trog
 12921 | Lair:3   | Reached skill level 9 in Throwing
 13103 | Lair:3   | Reached XP level 14. HP: 113/155 MP: 17/17
 13620 | Lair:4   | Reached skill level 4 in Armour
 13827 | Lair:4   | Reached skill level 10 in Throwing
 14004 | Lair:5   | Found a labyrinth entrance.
 14035 | Lab      | Entered a labyrinth
 14079 | Lab      | Received a gift from Trog
 14086 | Lab      | you CAN do it if you want to, huh troggy?
 14593 | Lab      | CPA, randart plate and caster items
 14593 | Lab      | and blue boots
 14593 | Lab      | what a waste of time
 14680 | Lair:5   | Reached skill level 5 in Armour
 14685 | Lair:5   | Reached skill level 15 in Fighting
 14900 | Lair:5   | Reached skill level 11 in Throwing
 14948 | Lair:5   | Noticed an entropy weaver
 14976 | Lair:6   | Entered Level 6 of the Lair of Beasts
 15219 | Lair:6   | Received a gift from Trog
 15535 | Lair:6   | Received a gift from Trog
 15539 | Lair:6   | Reached skill level 6 in Armour
 15629 | Lair:6   | Reached XP level 15. HP: 120/166 MP: 6/18
 15665 | Lair:6   | Reached skill level 12 in Throwing
 16046 | Lair:6   | Found a shimmering altar of Xom.
 16161 | Shoals:1 | Entered Level 1 of the Shoals
 16408 | D:13     | Noticed Nessos
 16427 | D:13     | Reached ****** piety under Trog
 16437 | D:13     | Killed Nessos
 16656 | D:13     | Received a gift from Trog
 16853 | D:13     | Reached skill level 9 in Dodging
 17019 | D:14     | Found an oddly glowing altar of Pakellas.
 17116 | D:14     | Reached skill level 5 in Evocations
 17382 | D:15     | Entered Level 15 of the Dungeon
 17444 | D:15     | Reached skill level 13 in Throwing
 17453 | D:15     | Received a gift from Trog
 17593 | D:15     | Found a staircase to the Depths.
 17606 | Depths:1 | Entered Level 1 of the Depths
 17606 | Depths:1 | Noticed a fire giant
 17663 | D:15     | Found an ancient bone altar of Kikubaaqudgha.
 17664 | D:15     | Found a burning altar of Makhleb.
 17664 | D:15     | Found a shimmering altar of Xom.
 17667 | D:15     | i have no idea how will i do this
 17667 | D:15     | no resistances
 17780 | D:15     | Noticed a storm dragon
 17791 | D:15     | Killed a storm dragon
 17822 | D:15     | first funny pokemon caught
 17887 | D:15     | Reached skill level 6 in Evocations
 17888 | D:15     | Received a gift from Trog
 17964 | D:15     | Reached XP level 16. HP: 141/178 MP: 6/20
 18228 | D:15     | Reached skill level 14 in Throwing
 18353 | D:15     | Reached skill level 10 in Dodging
 18571 | D:15     | Noticed a tengu reaver
 18575 | D:15     | ughhhh
 18587 | D:15     | Killed a tengu reaver
 18712 | D:15     | Received a gift from Trog
 18726 | D:15     | this was... disappointing
 19007 | D:8      | Reached skill level 7 in Evocations
 19068 | Snake:1  | Entered Level 1 of the Snake Pit
 19096 | Snake:1  | Reached skill level 16 in Fighting
 19408 | Snake:1  | HP: 26/267 [mana viper (14)]
 19409 | Snake:1  | HP: 12/267 [mana viper (6)]
 19414 | Snake:1  | HP: 12/267 [poisoned by a naga mage (splash of poison)]
 19419 | Snake:1  | HP: 8/178 [poisoned by a naga mage (splash of poison)]
 19424 | Snake:1  | HP: 12/178 [poisoned by a naga mage (splash of poison)]
 19563 | Snake:1  | Got a sparkling glass ring
 19565 | Snake:1  | Identified the ring "Xyxuig" {rElec MR+ Slay+3 SInv} (You found it on level 1 of the Snake Pit)
 19566 | Snake:1  | :O
 19734 | Snake:1  | Reached skill level 15 in Throwing
 20699 | Snake:2  | Reached XP level 17. HP: 187/187 MP: 7/22
 20909 | Snake:3  | Reached skill level 8 in Evocations
 21262 | Snake:3  | Reached skill level 16 in Throwing
 21279 | Snake:3  | Received a gift from Trog
 21478 | Snake:3  | Reached skill level 17 in Fighting
 21572 | Snake:3  | HP: 24/285 [greater naga/orb of energy (38)]
 21577 | Snake:3  | HP: 23/285 [poisoned by a greater naga (poison arrow)]
 21949 | Snake:4  | Entered Level 4 of the Snake Pit
 22058 | Snake:4  | Found Nyecsut's Gadget Shoppe.
 22058 | Snake:4  | Found Qedd's Jewellery Boutique.
 22059 | Snake:4  | Found Ogil's Jewellery Boutique.
 22075 | Snake:4  | Bought the ring of Bavi {rElec rPois MR+} for 673 gold pieces
 22080 | Snake:4  | Bought a sack of spiders for 360 gold pieces
 22128 | Snake:4  | Received a gift from Trog
 22583 | Snake:4  | Received a gift from Trog
 22595 | Snake:4  | Got an ancient giant spiked club {god gift}
 22596 | Snake:4  | Identified the +6 giant spiked club "Dazer" {flame, Stlth+} (Trog gifted it to you on level 4 of the Snake Pit)
 22894 | Snake:4  | Reached skill level 20 in Maces & Flails
 22914 | Snake:4  | Reached XP level 18. HP: 132/202 MP: 4/24
 22921 | Snake:4  | Received a gift from Trog
 22986 | Snake:4  | Reached skill level 18 in Fighting
 23012 | Snake:4  | Received a gift from Trog
 23232 | Snake:4  | Got a serpentine rune of Zot
 23385 | Shoals:1 | Received a gift from Trog
 23777 | Shoals:1 | Reached skill level 21 in Maces & Flails
 23933 | Shoals:2 | Found Asiapsa's Antique Weapon Boutique.
 23947 | Shoals:2 | Found Vyabeij's Book Shoppe.
 24089 | Shoals:2 | Noticed Polyphemus
 24090 | Shoals:2 | fuuuck
 24114 | Shoals:2 | Killed Polyphemus
 24124 | Shoals:2 | HP: 29/307 [poisoned by a sea snake]
 24128 | Shoals:2 | HP: 13/205 [poisoned by a sea snake]
 24250 | Shoals:2 | Found Noilua's Magic Scroll Shoppe.
 24259 | Shoals:2 | Received a gift from Trog
 24275 | Shoals:2 | Bought a scroll of identify for 36 gold pieces
 24275 | Shoals:2 | Bought a scroll of fog for 36 gold pieces
 24275 | Shoals:2 | Bought a scroll of identify for 36 gold pieces
 24275 | Shoals:2 | Bought a scroll of identify for 36 gold pieces
 24275 | Shoals:2 | Bought 3 scrolls of fog for 108 gold pieces
 24275 | Shoals:2 | Bought a scroll of identify for 36 gold pieces
 24275 | Shoals:2 | Bought a scroll of fear for 63 gold pieces
 24275 | Shoals:2 | Bought a scroll of teleportation for 54 gold pieces
 24275 | Shoals:2 | Bought a scroll of teleportation for 54 gold pieces
 24323 | Shoals:2 | Found Wofoogar's Armour Shop.
 24337 | Shoals:2 | Found Ofek Kup's Distillery.
 24345 | Shoals:2 | Bought a potion of haste for 200 gold pieces
 24345 | Shoals:2 | Bought a potion of agility for 80 gold pieces
 24520 | Shoals:3 | Reached skill level 11 in Dodging
 24938 | Shoals:3 | HP: 9/205 [merfolk/trident (24)]
 25150 | Shoals:3 | i love when berserk just ends in 10 turns or so despite killing two opponents and having 6* piety
 25150 | Shoals:3 | fuck trog
 25339 | Shoals:4 | Entered Level 4 of the Shoals
 25376 | Shoals:4 | bad vaults, double exits
 25376 | Shoals:4 | should i go to V:1 for now instead?
 25779 | Shoals:4 | Received a gift from Trog
 25785 | Shoals:4 | Reached skill level 19 in Fighting
 25792 | Shoals:4 | Reached XP level 19. HP: 158/215 MP: 8/25
 25868 | Shoals:4 | HP: 15/215 [merfolk aquamancer/great wave of water (32)]
 25934 | Shoals:4 | Noticed Ilsuiw
 25934 | Shoals:4 | W H Y
 25934 | Shoals:4 | ffs
 25953 | Shoals:4 | Killed Ilsuiw
 25957 | Shoals:4 | pfffff
 26019 | Shoals:4 | Got a barnacled rune of Zot
 26020 | Shoals:4 | wow, it was the rune vault?
 26020 | Shoals:4 | great
 26197 | Shoals:4 | Gained mutation: You have sharp toenails. [potion of beneficial mutation]
 26325 | Shoals:4 | Reached skill level 22 in Maces & Flails
 26818 | D:14     | Found a gate to the Vaults.
 26828 | Vaults:1 | Entered Level 1 of the Vaults
 26928 | Vaults:1 | Received a gift from Trog
 27002 | Vaults:1 | Identified the +3 giant club of the Known World {crush, *Contam rElec rC+ rN+} (Trog gifted it to you on level 1 of the Vaults)
 27241 | Vaults:2 | Noticed Donald
 27242 | Vaults:2 | maybe i should switch to one handers?
 27242 | Vaults:2 | i mean, i have an eveningstar here, and some large shields earlier on
 27242 | Vaults:2 | nah, fuck it
 27247 | Vaults:2 | Killed Donald
 27404 | Vaults:2 | Reached skill level 17 in Throwing
 27413 | Vaults:2 | that wasn't even 10 turns
 27413 | Vaults:2 | and i killed 3 opponents
 27647 | Vaults:2 | pffffffft
 27658 | Vaults:2 | Received a gift from Trog
 27731 | Vaults:2 | Reached skill level 12 in Dodging
 27922 | Vaults:1 | Reached skill level 1 in Shields
 27928 | Vaults:1 | Reached skill level 2 in Shields
 28141 | Vaults:2 | glaive of distortion :///
 28166 | Vaults:2 | Reached skill level 3 in Shields
 28253 | Vaults:2 | Reached skill level 4 in Shields
 28261 | Vaults:2 | Received a gift from Trog
 28311 | Vaults:2 | what
 28351 | Vaults:2 | Reached skill level 5 in Shields
 28494 | Vaults:1 | Received a gift from Trog
 28543 | Vaults:1 | Reached skill level 6 in Shields
 28610 | Vaults:1 | Reached XP level 20. HP: 168/226 MP: 26/26
 28673 | Vaults:1 | Reached skill level 7 in Shields
 28841 | Vaults:1 | Paralysed by a hornet for 3 turns
 29012 | Vaults:1 | Reached skill level 8 in Shields
 29090 | Vaults:1 | Found Kuacur Bige's Book Shop.
 29132 | Vaults:1 | Received a gift from Trog
 29224 | Vaults:1 | Reached skill level 9 in Shields
 29350 | Vaults:1 | Received a gift from Trog
 29377 | Vaults:1 | Received a gift from Trog
 29382 | Vaults:1 | Reached skill level 9 in Evocations
 29876 | Vaults:2 | Received a gift from Trog
 30120 | Vaults:3 | Reached skill level 10 in Shields
 30187 | Vaults:3 | Received a gift from Trog
 30340 | Vaults:3 | Found a staircase to the Crypt.
 30428 | Vaults:4 | Received a gift from Trog
 30614 | Vaults:4 | Received a gift from Trog
 30681 | Vaults:4 | Noticed a golden dragon
 30683 | Vaults:4 | Killed a golden dragon
 30683 | Vaults:4 | Reached skill level 11 in Shields
 30683 | Vaults:4 | Reached XP level 21. HP: 218/235 MP: 28/28
 30689 | Vaults:4 | oh come on
 30693 | Vaults:4 | fucking tease
 30693 | Vaults:4 | give me your hide
 31175 | Vaults:2 | Received a gift from Trog
 31259 | Vaults:2 | Reached skill level 10 in Evocations
 31275 | Vaults:2 | Received a gift from Trog
 31351 | Vaults:2 | Found Sinam's Weapon Emporium.
 31766 | Vaults:3 | Reached skill level 18 in Throwing
 31813 | Vaults:3 | Reached skill level 12 in Shields
 31871 | Vaults:3 | Noticed Frederick
 31882 | Vaults:3 | Killed Frederick
 32449 | Vaults:4 | Reached skill level 4 in Stealth
 32449 | Vaults:4 | Reached XP level 22. HP: 220/244 MP: 29/29
 32875 | Vaults:4 | Identified the +2 flail of Hagauk {flame, Int+3 SInv} (You found it on level 4 of the Vaults)
 32900 | Vaults:5 | Entered Level 5 of the Vaults
 32900 | Vaults:5 | Noticed Bai Suzhen
 32919 | Vaults:4 | Reached skill level 13 in Shields
 33122 | Vaults:5 | best teleports
 33146 | Vaults:5 | Reached skill level 11 in Evocations
 33182 | Vaults:5 | Killed Bai Suzhen
 33182 | Vaults:5 | Reached XP level 23. HP: 49/252 MP: 31/31
 33185 | Vaults:5 | Received a gift from Trog
 33213 | Vaults:5 | Got a coiled turquoise ring
 33214 | Vaults:5 | Identified the cursed ring "Nifam" {rF- Int-2 Dex+6} (You found it on level 5 of the Vaults)
 33215 | Vaults:5 | no no
 33215 | Vaults:5 | i need rC+
 33215 | Vaults:5 | not rF-
 33228 | Vaults:5 | HP: 21/252 [storm dragon/bolt of lightning (14)]
 33233 | Vaults:5 | HP: 20/252 [storm dragon (13)]
 33383 | Vaults:5 | Found Eczij's Armour Shoppe.
 33463 | Vaults:5 | Reached skill level 14 in Shields
 33619 | Vaults:5 | Received a gift from Trog
 33668 | Vaults:5 | Noticed an ancient lich
 33681 | Vaults:5 | Killed an ancient lich
 33954 | Vaults:5 | Received a gift from Trog
 34045 | Vaults:5 | Reached skill level 19 in Throwing
 34077 | Vaults:5 | Got a silver rune of Zot
 34088 | Vaults:5 | Reached skill level 15 in Shields
 34263 | Vaults:5 | Reached skill level 12 in Evocations
 34458 | Vaults:5 | Reached XP level 24. HP: 257/263 MP: 32/32
 34478 | Vaults:5 | Received a gift from Trog
 34904 | Vaults:5 | Reached skill level 20 in Fighting
 35267 | Elf:1    | Entered Level 1 of the Elven Halls
 35356 | Elf:2    | Noticed 4thArraOfDagon's ghost (journeyman TrAK)
 35444 | Elf:2    | Killed 4thArraOfDagon's ghost
 35478 | Elf:2    | Received a gift from Trog
 35478 | Elf:2    | Reached skill level 13 in Dodging
 35684 | Elf:2    | Received a gift from Trog
 35802 | Elf:1    | Received a gift from Trog
 35811 | Elf:1    | Identified the +9 giant club "Qinwis" {speed, rC+ Int+3 Dex+2} (Trog gifted it to you on level 1 of the Elven Halls)
 35814 | Elf:1    | uhhhhhhhhhhh
 35814 | Elf:1    | jesus christ
 36172 | Elf:3    | Entered Level 3 of the Elven Halls
 36531 | Elf:3    | Received a gift from Trog
 36622 | Elf:3    | Received a gift from Trog
 36668 | Elf:3    | Reached skill level 14 in Dodging
 36669 | Elf:3    | Received a gift from Trog
 36718 | Elf:3    | Identified the cursed +0 troll leather armour "Ycanoups" {rF+ Regen+ Str+8 Int-3} (You took it off a deep elf demonologist on level 3 of the Elven Halls)
 36719 | Elf:3    | there's my rF+
 36778 | Elf:3    | Identified the ring "Ata Ehet" {Dex+6 Stlth+} (You found it on level 3 of the Elven Halls)
 36839 | Elf:3    | Identified a +1 rod of shadows (10/10) (You found it on level 3 of the Elven Halls)
 36916 | Elf:3    | Received a gift from Trog
 36916 | Elf:3    | Reached skill level 13 in Evocations
 36916 | Elf:3    | Reached XP level 25. HP: 275/275 MP: 32/32
 36993 | Elf:3    | Noticed Louise
 37004 | Elf:3    | Killed Louise
 37009 | Elf:3    | Identified the cursed +0 large shield of New Discoveries {+Blink rElec} (You took it off Louise on level 3 of the Elven Halls)
 37136 | Elf:3    | Received a gift from Trog
 37736 | Lair:5   | Found a staircase to the Slime Pits.
 37752 | Slime:1  | Entered Level 1 of the Pits of Slime
 38081 | Slime:3  | Received a gift from Trog
 38212 | Slime:4  | HP: 20/276 [slime creature (11)]
 38219 | Slime:4  | Slain by a slime creature

Vault maps used:
D:1:      shiori_arrival_elements, minmay_misc_feat_nine_boxes
D:2:      nicolae_ru_great_annihilating_truth, elyvilon_altar_4, zin_statuary
D:3:      gammafunk_temple_overflow_elements
D:4:      nicolae_dithmenos_through_a_glass_darkly, lemuel_doored_altar,
          uniq_grinder
D:5:      nicolae_overflow_hidden_temple, portal_sewer_entry_f, serial_shops,
          nicolae_shop_temple_entry_statues_fountains, first_bread,
          dk_yredelemnul_ordeal, uniq_menkaure, uniq_edmund, uniq_sigmund
D:6:      grunt_gozag_breadcrumbs, kennysheep_flooded_box
D:8:      minmay_lair_entry_grove, david_nohive_1, minmay_misc_feat_alley,
          serial_park_tiny_pond
D:9:      marbit_many_paths, lemuel_round_altar, uniq_erolcha
D:10:     serial_shops, shop, nicolae_shop_statue_plus, shop_statue,
          nicolae_shop_stone, uniq_nergalle
D:11:     orc_0_dummy
D:12:     spider_trap
D:13:     uniq_nessos
D:14:     david_vaults_5, basic_altar
D:15:     hangedman_slaughterboxes
Lair:1:   nicolae_volcano_entry_s_turn, beast_lair_carwin_3, grunt_megastairs_5,
          lemuel_fruit_tree
Lair:2:   shoals_dummy_entry, guppyfry_snake_entry_island
Lair:3:   roderic_batcave, serial_bayou_shore_b
Lair:5:   minmay_slime_entry_oklob_enclosed, lab_entry_generic,
          wad_woods_antlair
Lair:6:   grunt_lair_end_beastmaster, grunt_forest_small_clearings, st_stairs_8,
          kb_xom_exploding_sheep
Shoals:2: serial_shops, shop, shop, shop, shop, shop_statue, uniq_polyphemus,
          uniq_kirke
Shoals:3: cheibrodos_shoals_oceanic_diplomacy, nicolae_shoals_isolated_beach
Shoals:4: shoals_end_hangedman, shoals_ilsuiw_alternative
Snake:1:  eino_curves_01, serial_bayou_ford_a
Snake:2:  guppyfry_snake_island
Snake:3:  st_stairs_7, nicolae_snake_serpentine_hallways
Snake:4:  snake_pit, minmay_shop_grove
Slime:1:  cheibrodos_slime_lost_civilization_5
Slime:3:  basic_altar
Slime:4:  basic_altar
Orc:1:    basic_altar
Orc:2:    st_orc_mages, uniq_maurice
Elf:1:    eino_elf_arrival_shootout, minmay_elf_crystal_hexagon, spider_trap
Elf:3:    minmay_elf_hall_x, uniq_louise
Vaults:1: nicolae_vaults_yaktaur_gun_rack, nicolae_vaults_fighting_squares,
          vaults_room_grunt_arrival_checkpoint, vaults_room_ringed_pool,
          dpeg_vaults_monster_row, nicolae_vaults_big_ls,
          nicolae_vaults_asterisk, ontoclasm_vaults_hangar,
          vaults_room_semicircle, serial_shops, shop
Vaults:2: nicolae_vaults_ninety_degrees, nicolae_vaults_hallways_thing,
          nicolae_vaults_little_squares_1, grunt_vaults_bifocal, v_misc_12,
          vaults_room_mumra_shop_pool, v_misc_33,
          nicolae_vaults_border_crossing, vaults_room_semicircle,
          nicolae_vaults_diagonal_hallway_9, nicolae_vaults_mini_display_case,
          hangedman_vaults_cutoff, uniq_donald
Vaults:3: hangedman_vaults_capsules, nicolae_vaults_little_ls, v_misc_11,
          serial_ice_h, v_misc_5, nicolae_vaults_little_squares_4, v_misc_14,
          grunt_vaults_focal, ontoclasm_vaults_fault, uniq_frederick
Vaults:4: v_alt_pattern_4, v_misc_30, v_pattern_2, hangedman_vaults_nodes,
          v_misc_28, nicolae_vaults_alarming,
          nicolae_vaults_good_morning_starshine, hangedman_vaults_restitches,
          nicolae_vaults_specimen_jars, ontoclasm_vaults_ring_square,
          nicolae_vaults_diagonal_hallway_8, ontoclasm_vaults_twist
Vaults:5: uniq_bai_suzhen
Depths:1: enter_ziggurat_b, marbit_kobold_abyss_entry, nicolae_benzene_ring,
          hell_entry, serial_shops, nicolae_shop_waterfront,
          minmay_misc_feat_cross, kennysheep_generic_room_11, uniq_jorgrun
Lab:      nicolae_lab_dead_adventurers, nicolae_lab_big_swirl,
          nicolae_lab_grate, nicolae_lab_flowing_pool
Sewer:    sewer_co_scattered_pipes
Volcano:  volcano_aerie

Skill      XL: |  1  2  3  4  5  6  7  8  9 10 11 12 13 14 15 16 17 18 19 20 21 22 23 24 |
---------------+-------------------------------------------------------------------------+-----
Stealth        | 1 2 4 |  4.8
Maces & Flails | 5 6 9 11 12 14 16 18 19 20 21 22 | 22.7
Dodging        | 4 5 6 7 8 9 10 11 12 14 | 14.7
Fighting       | 5 7 9 11 12 14 15 16 17 19 20 | 20.9
Throwing       | 3 7 8 9 11 13 15 16 17 18 19 | 19.9
Evocations     | 4 6 7 8 9 10 11 12 13 | 13.2
Armour         | 3 6 |  6.0
Shields        | 6 11 12 13 15 | 15.1

Action                   |  1- 3 |  4- 6 |  7- 9 | 10-12 | 13-15 | 16-18 | 19-21 | 22-24 | 25-27 || total
-------------------------+-------+-------+-------+-------+-------+-------+-------+-------+-------++-------
Melee: Mace              |    69 |   106 |       |       |       |       |       |       |       ||   175
       Morningstar       |       |       |    52 |       |       |       |       |       |       ||    52
       Giant club        |       |       |   338 |   603 |   601 |  1092 |    35 |    36 |   155 ||  2860
       Flail             |       |       |       |     6 |       |       |       |       |       ||     6
       Great mace        |       |       |       |       |   498 |       |       |       |       ||   498
       Giant spiked club |       |       |       |       |       |       |   239 |       |       ||   239
       Eveningstar       |       |       |       |       |       |       |   882 |   855 |    78 ||  1815
       Kick              |       |       |       |       |       |       |   468 |   410 |   124 ||  1002
 Fire: Hand crossbow     |       |       |       |     3 |       |       |       |       |       ||     3
Throw: Stone             |       |       |     4 |       |       |       |       |       |       ||     4
       Tomahawk          |       |       |     4 |    11 |    34 |    33 |     9 |       |       ||    91
       Large rock        |       |       |       |       |     2 |    98 |   116 |   263 |    21 ||   500
       Javelin           |       |       |       |       |       |       |     4 |       |       ||     4
       Throwing net      |       |       |       |       |       |       |       |     2 |       ||     2
Invok: Berserk           |     1 |     6 |    14 |    25 |    15 |    26 |     9 |     4 |     1 ||   101
       Trog's Hand       |       |     2 |     3 |     7 |     4 |    15 |    14 |    21 |     6 ||    72
       Brothers in Arms  |       |       |       |     4 |     3 |     6 |     3 |     3 |       ||    19
Evoke: Wand              |       |       |       |       |     6 |     5 |     5 |     8 |       ||    24
       Sack of spiders   |       |       |       |       |       |     1 |       |       |       ||     1
  Use: Scroll            |       |     7 |    17 |     8 |    16 |    11 |    17 |    25 |     2 ||   103
       Potion            |       |       |     1 |       |       |     7 |     6 |     9 |       ||    23
 Stab: Sleeping          |     2 |       |     3 |     5 |     6 |     1 |       |       |     2 ||    19
       Distracted        |       |       |       |       |     2 |       |       |     2 |       ||     4
       Paralysed         |       |       |       |       |     2 |     3 |       |       |       ||     5
       Petrified         |       |       |       |       |       |     2 |       |       |       ||     2
       Petrifying        |       |       |       |       |       |     1 |       |       |       ||     1
       Confused          |       |       |       |       |       |       |     1 |       |       ||     1
  Eat: Chunk             |       |    11 |    23 |    41 |    39 |    30 |    32 |    18 |     1 ||   195
       Bread ration      |       |       |     1 |     1 |       |     5 |     1 |     1 |     2 ||    11
       Royal jelly       |       |       |       |     4 |     2 |     2 |       |     1 |       ||     9
       Pizza             |       |       |       |     1 |     1 |     1 |     2 |     1 |       ||     6
       Fruit             |       |       |       |     1 |       |       |     2 |     1 |       ||     4
       Beef jerky        |       |       |       |       |       |     6 |     1 |     2 |       ||     9
Armor: Animal skin       |    21 |    19 |    84 |    36 |       |       |       |       |       ||   160
       Robe              |       |       |       |    82 |    12 |       |       |       |       ||    94
       Troll leather arm |       |       |       |       |   273 |   170 |   138 |    73 |    24 ||   678
Dodge: Dodged            |    27 |    51 |   165 |   256 |   520 |   542 |   433 |   207 |   104 ||  2305
Block: Other             |       |       |    18 |    60 |    94 |    96 |    34 |     3 |     9 ||   314
       Reflection        |       |       |       |     1 |       |    10 |    74 |    73 |    17 ||   175
       Shield            |       |       |       |       |       |       |   354 |       |       ||   354
       Large shield      |       |       |       |       |       |       |   275 |   709 |    54 ||  1038
